 Dungeon Crawl Stone Soup version 0.20-b1 (webtiles) character file.

233 Gorglomux the Chopper (level 6, 0/56 HPs)
             Began as a Hill Orc Monk on May 19, 2017.
             Slain by an orc priest
             ... wielding a +0 whip
              (2 damage)
             ... on level 3 of the Dungeon.
             The game lasted 00:03:22 (2040 turns).

Gorglomux the Chopper (Hill Orc Monk)               Turns: 2040, Time: 00:03:23

Health: 0/56       AC:  8    Str: 16    XL:     6   Next: 5%
Magic:  6/6        EV:  7    Int: 10    God:
Gold:   81         SH:  0    Dex: 13    Spells: 5/5 levels left

rFire    . . .     SeeInvis .   a - +0 hand axe
rCold    . . .     Gourm    .   (no shield)
rNeg     . . .     Faith    .   j - +0 chain mail
rPois    .         Spirit   .   (no helmet)
rElec    .         Reflect  .   (no cloak)
rCorr    .         Harm     .   (no gloves)
MR       .....                  (no boots)
Stlth    ..........             (no amulet)
Regen    0.2/turn               (no ring)
MPRegen  0.1/turn               (no ring)

@: no status effects
A: no striking features
a: Convert to Beogh


You were on level 3 of the Dungeon.
You were hungry.

You visited 1 branch of the dungeon, and saw 3 of its levels.

You collected 81 gold pieces.

Inventory:

Hand Weapons
 a - a +0 hand axe (weapon)
 b - a +0 hunting sling
   (You found it on level 1 of the Dungeon)
 o - a +0 broad axe
   (You found it on level 2 of the Dungeon)
Missiles
 k - a throwing net {=f, !d}
Armour
 e - a +0 ring mail
   (You found it on level 1 of the Dungeon)
 j - a +0 chain mail (worn)
   (You took it off an orc on level 3 of the Dungeon)
 m - a +0 robe
Wands
 t - a wand of paralysis (5/24)
   (You found it on level 3 of the Dungeon)
Scrolls
 d - 5 scrolls of identify {unknown}
 f - 2 scrolls of immolation {unknown}
 l - 2 scrolls of remove curse {unknown}
Potions
 h - a potion of might {unknown}
 i - 4 potions of lignification {unknown}
 n - 2 potions of curing {unknown}
 r - a potion of agility {unknown}
Comestibles
 c - 2 bread rations {@e1}
 g - 3 meat rations {@e2}
 p - a royal jelly
 s - 2 fruits


   Skills:
 + Level 5.4 Fighting
 * Level 7.4 Axes
 - Level 2.4 Dodging
 - Level 1.5 Stealth


You had 5 spell levels left.
You didn't know any spells.

Dungeon Overview and Level Annotations

Branches:
Dungeon (3/15)

Altars:
Ashenzari
Cheibriados
Gozag


Message History

An orc priest comes into view. It is wielding a whip.
The orc priest shouts!
You hit the orc.
An orc comes into view. It is wielding a hand axe.
Unknown command.
You closely miss the orc. You hit the orc.
The orc hits you but does no damage. x2
Unknown command.
You closely miss the orc. You hit the orc.
You kill the orc!
The orc throws a tomahawk.
The tomahawk barely misses you. The orc barely misses you.
You hit the orc but do no damage. The orc hits you with a club.
Unknown command.
You hit the orc.
You kill the orc!
You hit the orc priest.
Your chain mail prevents you from hitting the orc priest.
The orc priest hits you but does no damage.
You hit the orc priest. The orc priest barely misses you.
Unknown command.
You hit the orc priest but do no damage.
The orc priest hits you but does no damage.
You closely miss the orc priest.
The orc throws a tomahawk.
The tomahawk hits you but does no damage.
You hit the orc priest.
The orc priest shouts, "Beogh is our master!
Accept the truth or die!"
The orc priest barely misses you.
Your chain mail prevents you from hitting the orc.
The orc priest shouts, "Surrender to Beogh and we'll let you live!"
You hit the orc priest but do no damage.
The orc priest invokes the aid of Beogh against you.
Pain shoots through your body! The orc barely misses you.
You barely miss the orc priest. You hit the orc.
The orc priest hits you but does no damage.
The orc barely misses you.
Your chain mail prevents you from hitting the orc priest.
You hit the orc.
The orc priest hits you but does no damage.
You hit the orc but do no damage. You completely miss the orc priest.
The orc hits you but does no damage.
The orc priest looks braver for a moment.
You hit the orc priest but do no damage.
You hit the orc.
You kill the orc!
The orc priest barely misses you.
You closely miss the orc priest.
The orc priest threatens, "By the altar or by the axe, you will meet Beogh!"
The orc priest hits you but does no damage.
You barely miss the orc priest.
The orc priest shouts, "Surrender to Beogh and we'll let you live!"
The orc priest calls down the wrath of Beogh upon you.
Pain shoots through your body!
You closely miss the orc priest.
The orc priest shouts, "Surrender to Beogh and we'll let you live!"
The orc priest hits you but does no damage.
You hit the orc priest but do no damage.
The orc priest threatens, "By the altar or by the axe, you will meet Beogh!"
You hit the orc priest.
The orc priest calls down the wrath of Beogh upon you.
Beogh smites you!
You barely miss the orc priest.
The orc priest invokes the aid of Beogh against you.
Beogh smites you!
* * * LOW HITPOINT WARNING * * *
You hit the orc priest but do no damage.
The orc priest threatens, "By the altar or by the axe, you will meet Beogh!"
The orc priest hits you but does no damage.
You hit the orc priest but do no damage.
The orc priest hits you but does no damage.
Your chain mail prevents you from hitting the orc priest.
The orc priest hits you but does no damage.
You hit the orc priest.
The orc priest hits you but does no damage.
You hit the orc priest but do no damage.
The orc priest hits you but does no damage.
You barely miss the orc priest.
The orc priest shouts, "Join the one true god or die!" x2
The orc priest hits you but does no damage.
You hit the orc priest but do no damage.
The orc priest shouts, "Surrender to Beogh and we'll let you live!"
The orc priest hits you but does no damage.
You hit the orc priest but do no damage.
The orc priest hits you but does no damage.
The orc priest threatens, "By the altar or by the axe, you will meet Beogh!"
You hit the orc priest but do no damage.
The orc priest hits you but does no damage.
You closely miss the orc priest.
Your chain mail prevents you from hitting the orc priest.
The orc priest barely misses you.
Your chain mail prevents you from hitting the orc priest.
The orc priest hits you but does no damage.
You hit the orc priest but do no damage.
The orc priest barely misses you.
You hit the orc priest but do no damage.
The orc priest calls down the wrath of Beogh upon you.
Beogh smites you!
* * * LOW HITPOINT WARNING * * *
You closely miss the orc priest. The orc priest barely misses you.
You barely miss the orc priest. The orc priest hits you with a whip.
You die...

#.# ##. #.#.... ##.## #.
.###.#...#+#####...# #.
......<............# #.
...................# #.
............####..## #.
.#.#(....#.#.# #...# #.
......)o.....####...###.
# #@(..#.#.......##>
#.#............#.##.
.##.#....#.#.....#.##.
.................#.##.
.##.#...##.#..........
...#...##.#.##..##...
.##.#...##............
........##...##..##...
.##.#...##...##..##...


You could see an orc priest.

Vanquished Creatures
  2 orc priests (D:3)
  An orc wizard (D:3)
  7 adders
  3 worms (D:2)
  3 dart slugs
  3 leopard geckos
  8 orcs (D:3)
  2 ball pythons
  4 bats
  5 giant cockroaches
  4 goblins
  2 hobgoblins
  6 jackals
  2 frilled lizards (D:2)
  4 kobolds
  6 rats
62 creatures vanquished.

Notes
Turn   | Place    | Note
-------+----------+-------------------------------------------
     0 | D:1      | Gorglomux the Hill Orc Monk began the quest for the Orb.
     0 | D:1      | Reached XP level 1. HP: 19/19 MP: 1/1
   312 | D:1      | Reached XP level 2. HP: 27/27 MP: 2/2
   367 | D:1      | Reached skill level 4 in Fighting
   714 | D:2      | Reached XP level 3. HP: 25/33 MP: 3/3
   720 | D:1      | Reached skill level 5 in Axes
   848 | D:2      | Reached XP level 4. HP: 39/41 MP: 4/4
   913 | D:2      | Found a faded altar of an unknown god.
  1036 | D:2      | Found a shattered altar of Ashenzari.
  1099 | D:2      | Found a snail-covered altar of Cheibriados.
  1112 | D:2      | Reached skill level 6 in Axes
  1399 | D:3      | Reached XP level 5. HP: 37/47 MP: 5/5
  1431 | D:3      | Found an opulent altar of Gozag.
  1483 | D:3      | Reached skill level 5 in Fighting
  1739 | D:3      | Reached skill level 7 in Axes
  1749 | D:3      | Reached XP level 6. HP: 19/56 MP: 6/6
  1768 | D:3      | HP: 14/56 [crimson imp (3)]
  2024 | D:3      | HP: 11/56 [orc priest/divine providence (13)]
  2038 | D:3      | HP: 2/56 [orc priest/divine providence (11)]
  2040 | D:3      | Slain by an orc priest

Skill      XL: |  1  2  3  4  5 |
---------------+----------------+-----
Fighting       | 4 5 |  5.4
Axes           | 5 6 7 |  7.4
Dodging        | |  2.4
Stealth        | |  1.5

Action                   |  1- 3 |  4- 6 || total
-------------------------+-------+-------++-------
Melee: Hand axe          |    62 |   148 ||   210
 Fire: Hunting sling     |    12 |    93 ||   105
Throw: Stone             |    23 |     9 ||    32
  Eat: Chunk             |       |     3 ||     3
Armor: Ring mail         |    42 |    28 ||    70
       Robe              |     2 |       ||     2
       Chain mail        |       |    55 ||    55
Dodge: Dodged            |    78 |    65 ||   143

Vault maps used:
D:1:      dpeg_arrival_simpleton_c, minivault_11, serial_park_tiny_2
D:2:      ashenzari_altar_1, chequers_ecumenical_altar_simple_redux,
          kennysheep_slug_shrine
D:3:      cheibrodos_old_hovel, tso_altar, grunt_gozag_breadcrumbs

Table legend:
 A = Turns spent in this place as a percentage of turns spent in the entire game.
 B = Non-inter-level travel turns spent in this place as a percentage of non-inter-level travel turns spent in the entire game.
 C = Inter-level travel turns spent in this place as a percentage of turns spent in this place.
 D = Turns resting spent in this place as a percentage of non-inter-level travel turns spent in this place.
 E = Turns spent auto-exploring this place as a percentage of non-inter-level travel turns spent in this place.
 F = Non-inter-level travel turns spent in this place divided by the number of levels of this place that you've seen.
                   A       B       C       D       E      F
               +-------+-------+-------+-------+-------+----------------------
         Total | 100.0 | 100.0 |   0.2 |   2.4 |   6.8 | 302.7
       Dungeon | 100.0 | 100.0 |   0.2 |   2.4 |   6.8 | 302.7
               +-------+-------+-------+-------+-------+----------------------

Table legend:
 A = Kills in this place as a percentage of kills in entire the game.
 B = Kills by you in this place as a percentage of kills by you in the entire game.
 C = Kills by friends in this place as a percentage of kills by friends in the entire game.
 D = Other kills in this place as a percentage of other kills in the entire game.
 E = Experience gained in this place as a percentage of experience gained in the entire game.
 F = Experience gained in this place divided by the number of levels of this place that you have seen.
                   A       B       C       D       E      F
               +-------+-------+-------+-------+-------+----------------------
         Total | 100.0 | 100.0 |  -nan |  -nan | 100.0 | 111.3
       Dungeon | 100.0 | 100.0 |  -nan |  -nan | 100.0 | 111.3
               +-------+-------+-------+-------+-------+----------------------
